Map: Eternal Empire LE

Players

BerryRAWR - Winner!

  • Race: Terran Terran
  • League: Grandmaster
  • Spawn Location: 1:00

Mage

  • Race: Protoss Protoss
  • League: Master
  • Spawn Location: 7:00

VOD

Have the link to the VOD?

Description

Time

  • Played on: March 4, 2020, 12:03 a.m.
  • Length: 8:45
Show
View Real Time Build Order
Export as new Build Order

BerryRAWR Terran - Winner!

Build Orders: Gas First Reaper Expand 

Get SALT Encoding   

  12  0:00  SCV  
  13  0:13  SCV  
  14  0:19  Supply Depot  
  14  0:25  SCV  
  15  0:30  Refinery  
  15  0:41  SCV  
  16  0:45  Barracks  
  16  0:53  SCV  
  17  1:05  SCV  
  18  1:17  SCV  
  19  1:33  Reaper, Orbital Command  
  20  1:44  Command Center  
  20  1:55  Factory  
  20  1:59  SCV  
  21  2:07  Barracks Reactor  
  21  2:11  SCV  
  22  2:16  Supply Depot  
  22  2:17  Refinery  
  22  2:23  SCV  
  23  2:37  SCV  
  23  2:38  Factory Tech Lab  
  23  2:39  Bunker  
  23  2:43  Marine x2, Supply Depot  
  26  2:49  SCV  
  27  3:00  Cyclone  
  27  3:01  Marine x2  
  32  3:08  Bunker  
  32  3:17  Mag-Field Accelerator  
  32  3:19  Marine  
  33  3:24  Bunker  
  33  3:28  Marine  
  33  3:32  SCV  
  34  3:42  Bunker  
  34  3:43  Cyclone  
  34  3:46  Orbital Command  
  37  3:55  Marine x2  
  36  4:15  Cyclone  
  39  4:17  Marine  
  40  4:29  SCV  
  40  4:30  SCV  
  42  4:32  Marine, Starport  
  42  4:37  Marine  
  44  4:49  Marine  
  45  4:54  Marine  
  45  4:55  Siege Tank  
  46  5:14  Barracks  
  46  5:17  SCV  
  47  5:27  Viking x2, Barracks Tech Lab  
  48  5:38  Cyclone  
  48  5:46  SCV  
  48  5:48  Marine  
  48  5:49  Stimpack  
  43  6:09  Viking  
  43  6:21  Viking  
  43  6:22  SCV  
  43  6:23  SCV  
  47  6:26  Marine x2  
  49  6:34  SCV  
  49  6:36  SCV  
  51  6:44  Marine x2  
  52  6:55  Cyclone  
  52  7:03  Viking  
  52  7:06  Marine x2  
  52  7:08  SCV x2  
  58  7:14  Viking  
  60  7:22  SCV  
  61  7:26  Refinery  
  61  7:36  Viking  
  60  7:40  Marine  
  60  7:41  Marine  
  62  7:59  SCV  
  62  8:12  Supply Depot x2  
  62  8:18  Supply Depot  
  62  8:28  SCV  
  62  8:33  SCV  
Show
View Real Time Build Order
Export as new Build Order

Mage Protoss 

Build Orders: Proxy Void Ray 

Get SALT Encoding   

  12  0:01  Probe  
  13  0:13  Probe  
  14  0:17  Pylon  
  14  0:25  Probe (Chrono Boost)  
  15  0:36  Gateway  
  15  0:37  Probe (Chrono Boost)  
  16  0:43  Assimilator  
  16  0:46  Probe (Chrono Boost)  
  17  0:51  Probe  
  17  0:55  Assimilator  
  18  1:04  Probe (Chrono Boost)  
  19  1:14  Probe (Chrono Boost)  
  20  1:19  Probe (Chrono Boost)  
  21  1:26  Cybernetics Core  
  21  1:30  Probe  
  22  1:36  Pylon  
  22  1:42  Probe  
  23  2:02  Stargate  
  23  2:06  Adept (Chrono Boost), Shield Battery  
  23  2:10  Warp Gate  
  23  2:14  Shield Battery  
  25  2:16  Pylon  
  25  2:20  Shield Battery  
  25  2:22  Probe  
  26  2:45  Void Ray (Chrono Boost), Shield Battery  
  26  2:50  Shield Battery  
  30  3:06  Shield Battery  
  30  3:17  Shield Battery  
  30  3:22  Void Ray (Chrono Boost)  
  34  3:42  Fleet Beacon  
  34  3:50  Pylon, Shield Battery  
  34  4:03  Void Ray (Chrono Boost)  
  38  4:26  Unknown  
  38  4:32  Shield Battery x2  
  38  4:37  Shield Battery  
  38  4:48  Void Ray (Chrono Boost)  
  38  5:11  Shield Battery  
  38  5:12  Shield Battery  
  38  5:13  Pylon  
  38  5:28  Void Ray (Chrono Boost)  
  34  5:31  Shield Battery  
  38  6:02  Void Ray (Chrono Boost)  
  42  6:04  Shield Battery  
  42  6:05  Shield Battery  
  42  6:24  Shield Battery  
  42  6:25  Shield Battery  
  42  6:31  Stargate  
  42  6:42  Void Ray  
  46  6:57  Assimilator  
  42  7:10  Shield Battery x2  
  42  7:11  Void Ray (Chrono Boost)  
  46  7:36  Void Ray (Chrono Boost)  
  50  7:48  Shield Battery x2  
  50  7:49  Pylon  
  48  8:20  Shield Battery  
Tags
 
Add a new tag
Caveats
  • Supply blocks, unpowered buildings, or Contaminate may cause inaccurate times.
  • Supply counts are checked every 10 seconds.